 Dungeon Crawl Stone Soup version 0.30-a0-1074-g5db6f66fbb (webtiles) character file.

Game seed: 1068377993099284544

207 jimonade the Grasshopper (level 5, -3/35 HPs)
             Began as an Octopode Warper on Apr 13, 2023.
             Slain by an orc
             ... wielding a +0 trident
              (7 damage)
             ... on level 4 of the Dungeon.
             The game lasted 00:05:57 (2152 turns).

jimonade the Grasshopper (Octopode Warper)          Turns: 2152, Time: 00:05:57

Health: -3/35      AC:  3    Str: 10    XL:     5   Next: 85%
Magic:  8/8        EV: 13    Int: 16    God:
Gold:   179        SH:  0    Dex: 13    Spells: 4/8 levels left

rFire   . . .      SeeInvis .    a - +1 short sword
rCold   . . .      Faith    .    (no shield)
rNeg    . . .      Spirit   .    m - +2 hat
rPois   .          Reflect  .    (no amulet)
rElec   .          Rampage  .    (no ring)
rCorr   .                        (no ring)
Will    .....                    (no ring)
Stlth   +++                      (no ring)
HPRegen 0.25/turn                (no ring)
MPRegen 0.11/turn                (no ring)
                                 (no ring)
                                 (no ring)

@: no status effects
A: almost no armour, amphibious, 8 rings, camouflage 1, gelatinous body 1,
(nimble swimmer 1), tentacles
a: no special abilities


You were on level 4 of the Dungeon.
You visited 1 branch of the dungeon, and saw 4 of its levels.

You collected 179 gold pieces.

Inventory:

Hand Weapons
 a - a +1 short sword (weapon)
 b - a +0 sling
 k - a +0 short sword
Missiles
 c - 7 boomerangs of dispersal (quivered)
Armour
 f - an orb of energy
 m - a +2 hat (worn)
Magical Staves
 e - a staff of poison
Scrolls
 d - 2 scrolls of teleportation
 g - 2 scrolls of blinking
 h - a scroll of fog
 i - a scroll of vulnerability {unknown}
Potions
 j - a potion of might
 l - a potion of berserk rage
 p - a potion of mutation
 r - a potion of curing
 s - 2 potions of cancellation {unknown}


   Skills:
 + Level 2.3 Fighting
 + Level 3.1 Short Blades
 + Level 1.2 Throwing
 + Level 3.0 Dodging
 + Level 3.2 Stealth
 + Level 2.1 Spellcasting
 * Level 4.4 Translocations


You had 4 spell levels left.
You knew the following spells:

 Your Spells              Type           Power      Damage    Failure   Level
a - Blink                 Tloc           30%        N/A       4%          2
b - Lesser Beckoning      Tloc           30%        N/A       4%          2

Your spell library contained the following spells:

 Spells                   Type           Power      Damage    Failure   Level
 Teleport Other           Tloc           15%        N/A       10%         3
 Vhi's Electric Charge    Tloc/Air       16%        N/A       24%         3
 Volatile Blastmotes      Fire/Tloc      16%        2d11      24%         3
 Manifold Assault         Tloc           15%        N/A       32%         4
 Dazzling Flash           Conj/Hex       2%         N/A       52%         3
 Iskenderun's Mystic Bla  Conj/Tloc      8%         2d4       63%         4
 Summon Lightning Spire   Summ/Air       1%         N/A       90%         4
 Starburst                Conj/Fire      0%         6d3       100%        6
 Storm Form               Tmut/Air       0%         N/A       100%        7
 Maxwell's Capacitive Co  Air            0%         ∞         100%        8


Dungeon Overview and Level Annotations

Branches:
Dungeon (4/15)
 Temple: D:4-7

Altars:

Annotations:
D:2 1 runed translucent door, Crazy Yiuf


Innate Abilities, Weirdness & Mutations

You cannot wear most types of armour.
You are amphibious.
You can wear up to eight rings at the same time.
Your skin changes colour to match your surroundings (Stealth+).
Your rubbery body absorbs attacks. (AC +1, EV +1)
((You are camouflaged when in or above water. (Stealth+)))
You have tentacles for arms and can constrict up to eight enemies at once.


Message History

The orc priest is heavily wounded.
You constrict the orc priest.
The orc priest escapes!
The orc throws a boomerang.
The boomerang hits you.
You hit the orc priest but do no damage.
Your grab misses the orc priest. Your squeeze misses the orc priest.
The orc priest is heavily wounded.
You hit the orc priest but do no damage.
You grab the orc priest.
The orc priest is heavily wounded.
You constrict the orc priest, but do no damage.
The orc priest closely misses you. The orc hits you with a +0 flail.
The orc barely misses you.
You barely miss the orc priest.
You squeeze the orc priest, but do no damage.
The orc priest is heavily wounded.
You constrict the orc priest, but do no damage.
The orc priest hits you but does no damage.
The orc barely misses you.
The orc hits you from afar with a +0 trident!
* * * LOW HITPOINT WARNING * * *
You hit the orc priest.
The orc priest is almost dead.
You constrict the orc priest, but do no damage.
The orc priest miscasts a cantrip.
The orc closely misses you. The orc barely misses you.
You hit the orc priest but do no damage.
You squeeze the orc priest.
You kill the orc priest!
The orc hits you with a +0 flail.
* * * LOW HITPOINT WARNING * * *
The orc barely misses you.
Your Stealth skill increases to level 3!
The orc attacks as you move away! The orc hits you with a +0 flail!
* * * LOW HITPOINT WARNING * * *
You hit the orc. You grab the orc. You squeeze the orc.
You kill the orc!
Cast which spell? (? or * to list)
Okay, then.
The orc hits you with a +0 trident!
You die...

.....## #....# #.#.#.#
....... #######.##.#
##.#.#.# ....##.#
#..........####..#.#.#
....#
.###.....#.#........#.#.##
....#
........#.#.#####..#.#..#
....# ###.....#.#.#
#..#....# ....#
#.....')..# #.......#
#....)#o### ##.###..#
#...oo#@# #.#....#
#.....#.# #.#.#.##
#.....#.# #...#.#
#.##....# #####.# #.
###... #.# # #... ###
#..[. #..#. #).#.#


You could see an orc.

Vanquished Creatures
  A howler monkey (D:4)
  An orc priest (D:4)
  Terence (D:2)
  4 adders
  2 worms
  A dart slug (D:1)
  4 orcs
  9 endoplasms
  4 giant cockroaches
  5 goblins
  4 hobgoblins
  4 jackals (D:1)
  5 kobolds
  3 quokkas
  3 ball pythons (D:3)
  2 bats
  6 frilled lizards
  7 rats
66 creatures vanquished.

Notes
Turn   | Place    | Note
-------+----------+-------------------------------------------
     0 | D:1      | jimonade the Octopode Warper began the quest for the Orb.
     0 | D:1      | Reached XP level 1. HP: 14/14 MP: 3/3
    58 | D:1      | Reached XP level 2. HP: 19/19 MP: 5/5
   134 | D:1      | Found a faded altar of an unknown god.
   233 | D:1      | Reached skill level 1 in Stealth
   437 | D:1      | Reached XP level 3. HP: 22/24 MP: 6/6
   568 | D:2      | Noticed Terence
   597 | D:2      | Killed Terence
   598 | D:2      | Reached skill level 4 in Translocations
   598 | D:2      | Reached XP level 4. HP: 11/29 MP: 7/7
  1069 | D:2      | Found a runed translucent door.
  1070 | D:2      | Noticed Crazy Yiuf
  1245 | D:3      | Learned a level 2 spell: Blink
  1248 | D:3      | Learned a level 2 spell: Lesser Beckoning
  1486 | D:3      | Reached XP level 5. HP: 34/34 MP: 8/8
  2152 | D:4      | Slain by an orc

Illustrated notes

Levels and vault maps discovered:
D:1:      tarquinn_simple_flora_water_d, layout_rooms, basic_ecumenical_altar
D:2:      layout_rooms, uniq_terence, uniq_crazy_yiuf_cottage
D:3:      layout_rooms, dreamdust_mushroom_princess, minmay_close_crescents
D:4:      layout_basic, nicolae_gozag_cash_rules_everything_around_me

Skill      XL: |  1  2  3  4  5 |
---------------+----------------+-----
Stealth        | 1 2 3 |  3.2
Translocations | 4 |  4.4
Short Blades   | 3 |  3.1
Dodging        | 3 |  3.0
Fighting       | |  2.3
Throwing       | |  1.2
Spellcasting   | |  2.1

Action                     |  1- 3 |  4- 6 || total
---------------------------+-------+-------++-------
  Melee: Short sword       |    53 |    89 ||   142
         Tentacles         |    15 |    22 ||    37
         Constrict         |    11 |    27 ||    38
         Punch             |       |     2 ||     2
   Fire: Sling             |     1 |       ||     1
    Use: Scroll            |       |     9 ||     9
   Stab: Sleeping          |     6 |     4 ||    10
         Distracted        |       |     2 ||     2
 Armour: Skin              |     2 |     8 ||    10
  Dodge: Dodged            |    31 |    50 ||    81

Table legend: (Time is in decaauts)
 A = Elapsed time spent in this place.
 B = Non-inter-level travel time spent in this place.
 C = Inter-level travel time spent in this place.
 D = Time resting spent in this place.
 E = Time spent auto-exploring this place.
 F = Levels seen in this place.
 G = Mean time per level.
                   A        B        C        D        E       F      G
               +--------+--------+--------+--------+--------+-----+--------+
         Total |   2133 |   2084 |     49 |    100 |   1387 |   4 |  533.2 |
       Dungeon |   2133 |   2084 |     49 |    100 |   1387 |   4 |  533.2 |
               +--------+--------+--------+--------+--------+-----+--------+

Top non-repeatable levels by time:
     D:2: 672 daAuts
     D:1: 557 daAuts
     D:3: 522 daAuts
     D:4: 380 daAuts
